 Dungeon Crawl Stone Soup version 0.21-a0-221-gfe971b9 (webtiles) character file.

177 JackS81 the Chopper (level 5, 0/41 HPs)
             Began as a Formicid Fighter on Aug 25, 2017.
             Slain by a gnoll
             ... wielding a +0 whip
              (8 damage)
             ... on level 3 of the Dungeon.
             The game lasted 00:10:32 (2052 turns).

JackS81 the Chopper (Formicid Fighter)              Turns: 2052, Time: 00:10:32

Health: 0/41       AC:  6    Str: 22    XL:     5   Next: 88%
Magic:  5/5        EV: 10    Int:  7    God:
Gold:   198        SH:  9    Dex: 10    Spells: 4/4 levels left

rFire    . . .     SeeInvis +   a - +0 war axe
rCold    . . .     Gourm    .   c - +0 shield
rNeg     . . .     Faith    .   b - +0 scale mail
rPois    .         Spirit   .   (helmet unavailable)
rElec    .         Reflect  .   (no cloak)
rCorr    .         Harm     .   (no gloves)
MR       .....                  (no boots)
Stlth    ..........             (no amulet)
HPRegen  0.13/turn              (no ring)
MPRegen  0.09/turn              l - +2 ring of evasion

@: flying
A: permanent stasis, dig shafts and tunnels, four strong arms, antennae 3
a: Dig, Shaft Self


You were on level 3 of the Dungeon.
You were not hungry.

You visited 1 branch of the dungeon, and saw 3 of its levels.

You collected 198 gold pieces.

Inventory:

Hand Weapons
 a - a +0 war axe (weapon)
 k - a +2 dagger of venom
Missiles
 g - 36 arrows
 o - 22 sling bullets
 s - 3 needles of sleeping
 w - 21 bolts
 x - 2 curare-tipped needles
 y - 25 poisoned needles
Armour
 b - a +0 scale mail (worn)
 c - a +0 shield (worn)
 C - a +0 plate armour
Jewellery
 l - a +2 ring of evasion (right hand)
Wands
 A - a wand of iceblast (10/15)
Scrolls
 e - 6 scrolls of remove curse
 h - 5 scrolls of magic mapping {unknown}
 m - 2 scrolls of recharging {unknown}
 n - 4 scrolls of teleportation {unknown}
 p - 5 scrolls of immolation {unknown}
 q - 2 scrolls of enchant weapon {unknown}
 r - 4 scrolls of identify {unknown}
 B - a scroll of amnesia {unknown}
Potions
 d - a potion of might
 j - a potion of curing {unknown}
 t - a potion of magic
 u - a potion of flight
 z - a potion of lignification {unknown}
Comestibles
 f - 2 bread rations
 i - a meat ration
 v - 6 chunks of flesh


   Skills:
 + Level 3.4 Fighting
 * Level 5.5 Axes
 + Level 3.3 Armour
 * Level 3.6 Shields


You had 4 spell levels left.
You didn't know any spells.

Dungeon Overview and Level Annotations

Branches:
Dungeon (3/15)

Altars:


Innate Abilities, Weirdness & Mutations

You cannot be hasted, slowed, berserked, paralysed or teleported.
You can dig through walls and to a lower floor.
Your four strong arms can wield two-handed weapons with a shield.
You have a pair of large antennae on your head. (SInv)


Message History

You barely miss the gnoll.
The gnoll is almost dead.
You block the gnoll's attack. x2; The gnoll hits you but does no damage.
You block the gnoll's attack.
It was a potion of magic.
Magic courses through your body. You block the gnoll's attack.
The gnoll completely misses you. The gnoll hits you with a whip.
* * * LOW HITPOINT WARNING * * *
It was a potion of flight.
You feel very buoyant.
You fly up into the air.
The gnoll hits you from afar with a spear.
* * * LOW HITPOINT WARNING * * *
The gnoll completely misses you. You block the gnoll's attack.
You block the gnoll's attack. The gnoll misses you.
The gnoll hits you but does no damage.
You hit the gnoll but do no damage.
The gnoll is almost dead.
The gnoll hits you with a whip!
You die...

).###### .$ #....
#.)....#####># #.#
#.... ###..........# g.
#.... #...#####...
###r## #....
#...##..... .gg.
########)## #...#..##.#
##g# .........##
#..(..# #.# #g.#
#######.... ###....##
#.####g#### ##....##.
......##
#.#...@)..#####..######
.##...#
#.#.#......[....## #
###...###
#..........###### ####
........###..##.....##
#...
######........#######
#... ###(...##.......#
#... ....#####.....#..#
#... .#### #รท...<##...
#########... ## #.....#
#### ............


You could see 4 gnolls, 2 hobgoblins and a rat.

Vanquished Creatures
  Jessica (D:3)
  Ijyb (D:3)
  3 adders
  3 gnolls (D:2)
  3 worms
  2 leopard geckos (D:2)
  A ball python (D:1)
  2 giant cockroaches
  11 goblins
  7 hobgoblins
  2 jackals (D:1)
  4 kobolds
  3 quokkas
  6 bats
  5 frilled lizards
  7 rats
61 creatures vanquished.

Notes
Turn   | Place    | Note
-------+----------+-------------------------------------------
     0 | D:1      | JackS81 the Formicid Fighter began the quest for the Orb.
     0 | D:1      | Reached XP level 1. HP: 18/18 MP: 1/1
   112 | D:1      | Reached XP level 2. HP: 24/24 MP: 2/2
   215 | D:1      | Reached skill level 3 in Axes
   545 | D:1      | Reached XP level 3. HP: 28/29 MP: 3/3
  1207 | D:2      | Reached skill level 4 in Axes
  1207 | D:2      | Reached XP level 4. HP: 27/35 MP: 4/4
  1572 | D:3      | Noticed Ijyb
  1572 | D:3      | Noticed Jessica
  1646 | D:3      | Reached XP level 5. HP: 41/41 MP: 5/5
  1757 | D:3      | Killed Ijyb
  1757 | D:3      | Reached skill level 5 in Axes
  2012 | D:3      | Killed Jessica
  2052 | D:3      | Slain by a gnoll

Vault maps used:
D:1:      shiori_arrival_oz
D:2:      first_bread, minmay_misc_feat_ornament
D:3:      uniq_ijyb, uniq_jessica

Skill      XL: |  1  2  3  4  5 |
---------------+----------------+-----
Axes           | 3 4 5 |  5.5
Fighting       | |  3.4
Armour         | |  3.3
Shields        | |  3.6

Action                   |  1- 3 |  4- 6 || total
-------------------------+-------+-------++-------
Melee: War axe           |   104 |   121 ||   225
  Use: Scroll            |     1 |       ||     1
       Potion            |       |     2 ||     2
  Eat: Chunk             |     1 |     3 ||     4
Armor: Scale mail        |    48 |    46 ||    94
Dodge: Dodged            |    43 |    52 ||    95
Block: Shield            |    59 |    62 ||   121

Table legend:
 A = Spawn XP
 B = Non-spawn XP
 C = Spawn XP percentage of total XP
 D = Spawn monster count
 E = Non-spawn monster count
 F = Spawn count percentage of total count
 G = Total turns spent on level
                    A         B        C        D         E        F      G
               +---------+---------+-------+---------+---------+-------+---------
         Total |       6 |     248 |   2.4 |       4 |      57 |   6.6 |  2052
               +---------+---------+-------+---------+---------+-------+---------
           D:1 |       0 |      30 |   0.0 |       0 |      18 |   0.0 |   659
           D:2 |       3 |     104 |   2.8 |       2 |      20 |   9.1 |   979
           D:3 |       3 |     114 |   2.6 |       2 |      19 |   9.5 |   414
               +---------+---------+-------+---------+---------+-------+---------
